 Dungeon Crawl Stone Soup version 0.27-a0-277-g024f7ef292 (webtiles) character file.

Game seed: 12100160092165444099

460 dolemite99 the Grave Robber (level 7, -2/50 HPs)
             Began as a Gnoll Necromancer on Feb 6, 2021.
             Was an Initiate of Yredelemnul.
             Shot with an arrow by a centaur (13 damage)
             ... on level 4 of the Dungeon.
             The game lasted 00:07:22 (5736 turns).

dolemite99 the Grave Robber (Gnoll Necromancer)     Turns: 5736, Time: 00:07:23

Health: -2/50      AC:  3    Str:  7    XL:     7   Next: 7%
Magic:  13/15      EV: 14    Int: 16    God:    Yredelemnul [......]
Gold:   197        SH:  0    Dex: 13    Spells: 8/17 levels left

rFire    . . .     SeeInvis .   a - +2 whip (venom)
rCold    . . .     Faith    .   (no shield)
rNeg     . . .     Spirit   .   n - +0 robe
rPois    .         Reflect  .   (no helmet)
rElec    .         Harm     .   p - scarf {repulsion}
rCorr    .         Rampage  .   (no gloves)
Will     .....                  f - +0 pair of boots
Stlth    +++.......             (no amulet)
HPRegen  0.16/turn              (no ring)
MPRegen  0.14/turn              (no ring)

@: repel missiles
A: distributed training, fangs 1, strong nose
a: Renounce Religion


You were on level 4 of the Dungeon.
You worshipped Yredelemnul.
Yredelemnul was noncommittal.
You visited 1 branch of the dungeon, and saw 5 of its levels.

You collected 197 gold pieces.

Inventory:

Hand Weapons
 a - a +2 whip of venom (weapon)
 b - a +0 mace
 h - a +0 battleaxe
 m - a +2 dagger of flaming
 r - a +0 vorpal hand axe
 w - a +1 spear of venom
Missiles
 i - 104 stones
 j - 25 arrows
 o - 7 poisoned darts
Armour
 f - a +0 pair of boots (worn)
 n - a +0 robe (worn)
 p - a scarf of repulsion (worn)
 t - a +2 cloak
 u - a +4 ring mail
Jewellery
 x - an uncursed amulet of the acrobat {unknown}
Scrolls
 c - a scroll of remove curse {unknown}
 d - 2 scrolls of amnesia {unknown}
 g - a scroll of blinking
 l - 4 scrolls of identify {unknown}
 s - a scroll of fog {unknown}
Potions
 e - a potion of haste {unknown}
 k - a potion of curing {unknown}
 q - a potion of heal wounds {unknown}
 v - a potion of degeneration {unknown}
 z - a potion of attraction {unknown}


   Skills:
 + Level 2.2 Fighting
 + Level 2.2 Short Blades
 + Level 2.2 Long Blades
 + Level 2.2 Axes
 + Level 2.2 Maces & Flails
 + Level 2.2 Polearms
 + Level 2.2 Staves
 + Level 2.2 Slings
 + Level 2.2 Bows
 + Level 2.2 Crossbows
 + Level 2.2 Throwing
 + Level 2.2 Armour
 + Level 5.1 Dodging
 + Level 4.7 Stealth
 + Level 2.2 Shields
 + Level 2.2 Unarmed Combat
 + Level 5.5 Spellcasting
 + Level 1.8 Conjurations
 + Level 1.8 Hexes
 + Level 1.8 Summonings
 + Level 7.3 Necromancy
 + Level 1.8 Translocations
 + Level 1.8 Transmutations
 + Level 1.8 Fire Magic
 + Level 1.8 Ice Magic
 + Level 1.8 Air Magic
 + Level 1.8 Earth Magic
 + Level 1.8 Poison Magic
 + Level 2.5 Invocations
 + Level 2.2 Evocations


You had 8 spell levels left.
You knew the following spells:

 Your Spells              Type           Power        Failure   Level
a - Pain                  Necr           100%         1%          1
b - Animate Skeleton      Necr           56%          1%          1
c - Vampiric Draining     Necr           14%          1%          3
d - Animate Dead          Necr           14%          7%          4

Your spell library contained the following spells:

 Spells                   Type           Power        Failure   Level
 Agony                    Necr           28%          19%         5


Dungeon Overview and Level Annotations

Branches:
Dungeon (5/15)
 Temple: D:4-7

Altars:
Cheibriados
Dithmenos
Sif Muna
Yredelemnul

Annotations:
D:3 exclusion: downstairs


Innate Abilities, Weirdness & Mutations

Your experience applies equally to all skills.
You have very sharp teeth.
Your uncanny sense of smell can sniff out nearby items.


Message History

Confirm with . or Enter, or press ? or * to list all spells.
Aiming: Pain (safe; 1% risk of failure)
Press: ? - help, Shift-Dir - straight line, f/p - sky beast
Aim: a sky beast (moderately wounded, chance to affect: 84%)
The sky beast writhes in agony.
The sky beast flickers out of sight!
Deactivating autopickup; reactivate with Ctrl-A.
Something hits you. Something shocks you.
The centaur unwields a +0 shortbow.
The centaur closely misses you. Something hits you but does no damage.
You climb upwards.
Reactivating autopickup.
There is a stone staircase leading down here.
The centaur hits you! Something hits you. Something shocks you.
Deactivating autopickup; reactivate with Ctrl-A.
The centaur wields a +0 shortbow.
The centaur shoots an arrow.
The arrow hits you!
* * * LOW HITPOINT WARNING * * *
The centaur shoots an arrow.
The arrow hits you!
You die...
Your body rises from the dead as a mindless zombie.

##................. #
#..................
#.##.#############... .
#........... +...
..#####.#############...
.......>............+...
......c.###.....#####...
...>....# #.....# #...
#######@# #####..# ##..
#.# ##.# #.. #.# ..# #..
#.# #.# #.. #.# +# #..
#.# ### #.# #.#


You could see a centaur.

Vanquished Creatures
  Duvessa (D:4)
  Dowan (D:4)
  A jelly (D:2)
  A centaur skeleton (D:4)
  2 orc wizards (D:4)
  A worker ant (D:3)
  8 adders
  5 worms
  A dart slug (D:2)
  3 leopard geckos
  12 orcs
  4 giant cockroaches
  5 goblins
  5 hobgoblins
  5 jackals
  6 kobolds
  4 quokkas
  5 bats
  3 frilled lizards
  6 rats
79 creatures vanquished.

Vanquished Creatures (collateral kills)
  An orc (D:3)
1 creature vanquished.

Grand Total: 80 creatures vanquished

Notes
Turn   | Place    | Note
-------+----------+-------------------------------------------
     0 | D:1      | dolemite99 the Gnoll Necromancer began the quest for the
                  | Orb.
     0 | D:1      | Reached XP level 1. HP: 13/13 MP: 6/6
   323 | D:1      | Reached XP level 2. HP: 17/19 MP: 4/7
   792 | D:2      | Learned a level 1 spell: Animate Skeleton
   802 | D:2      | Reached XP level 3. HP: 20/25 MP: 3/9
   806 | D:2      | Reached skill level 5 in Spellcasting
  1100 | D:2      | Reached skill level 1 in Fighting
  1100 | D:2      | Reached skill level 1 in Short Blades
  1100 | D:2      | Reached skill level 1 in Long Blades
  1100 | D:2      | Reached skill level 1 in Axes
  1100 | D:2      | Reached skill level 1 in Maces & Flails
  1100 | D:2      | Reached skill level 1 in Polearms
  1100 | D:2      | Reached skill level 1 in Staves
  1100 | D:2      | Reached skill level 1 in Slings
  1100 | D:2      | Reached skill level 1 in Bows
  1100 | D:2      | Reached skill level 1 in Crossbows
  1100 | D:2      | Reached skill level 1 in Throwing
  1100 | D:2      | Reached skill level 1 in Armour
  1100 | D:2      | Reached skill level 1 in Shields
  1100 | D:2      | Reached skill level 1 in Unarmed Combat
  1100 | D:2      | Reached skill level 1 in Invocations
  1100 | D:2      | Reached skill level 1 in Evocations
  1100 | D:2      | Reached XP level 4. HP: 29/32 MP: 7/11
  1324 | D:2      | Found a snail-covered altar of Cheibriados.
  1678 | D:2      | Found a shadowy altar of Dithmenos.
  1678 | D:2      | Found a basalt altar of Yredelemnul.
  1812 | D:2      | Reached skill level 1 in Conjurations
  1812 | D:2      | Reached skill level 1 in Hexes
  1812 | D:2      | Reached skill level 1 in Summonings
  1812 | D:2      | Reached skill level 1 in Translocations
  1812 | D:2      | Reached skill level 1 in Transmutations
  1812 | D:2      | Reached skill level 1 in Fire Magic
  1812 | D:2      | Reached skill level 1 in Ice Magic
  1812 | D:2      | Reached skill level 1 in Air Magic
  1812 | D:2      | Reached skill level 1 in Earth Magic
  1812 | D:2      | Reached skill level 1 in Poison Magic
  2075 | D:3      | Reached XP level 5. HP: 23/37 MP: 0/12
  2804 | D:3      | Learned a level 3 spell: Vampiric Draining
  3349 | D:3      | Learned a level 4 spell: Animate Dead
  3515 | D:2      | Became a worshipper of Yredelemnul the Dark
  3682 | D:4      | Reached XP level 6. HP: 32/44 MP: 13/13
  3826 | D:4      | Noticed Duvessa
  4511 | D:4      | Noticed Dowan
  4520 | D:4      | Killed Duvessa
  4521 | D:4      | Reached skill level 5 in Dodging
  4527 | D:4      | Killed Dowan
  4733 | D:4      | Found a shimmering blue altar of Sif Muna.
  4750 | D:4      | Reached XP level 7. HP: 38/50 MP: 10/15
  5286 | D:5      | Entered Level 5 of the Dungeon
  5736 | D:4      | Shot with an arrow by a centaur

Illustrated notes

Levels and vault maps discovered:
D:1:      lightli_arrival_lavapool, layout_rooms
D:2:      layout_basic, nicolae_overflow_hidden_temple, kennysheep_slug_shrine
D:3:      layout_basic, cheibrodos_sewer_entry_bend, grunt_decor_one_mirror,
          minmay_cut_off
D:4:      layout_basic, led_sif_book, uniq_sigmund, uniq_duvessa
D:5:      layout_rooms, minmay_temple_entry_proselytizer, serial_shops, shop,
          fountainhead

Skill      XL: |  1  2  3  4  5  6 |
---------------+-------------------+-----
Spellcasting   | 5 |  5.5
Fighting       | 1 2 |  2.2
Short Blades   | 1 2 |  2.2
Long Blades    | 1 2 |  2.2
Axes           | 1 2 |  2.2
Maces & Flails | 1 2 |  2.2
Polearms       | 1 2 |  2.2
Staves         | 1 2 |  2.2
Slings         | 1 2 |  2.2
Bows           | 1 2 |  2.2
Crossbows      | 1 2 |  2.2
Throwing       | 1 2 |  2.2
Armour         | 1 2 |  2.2
Shields        | 1 2 |  2.2
Unarmed Combat | 1 2 |  2.2
Invocations    | 1 2 |  2.5
Evocations     | 1 2 |  2.2
Conjurations   | 1 |  1.8
Hexes          | 1 |  1.8
Summonings     | 1 |  1.8
Translocations | 1 |  1.8
Transmutations | 1 |  1.8
Fire Magic     | 1 |  1.8
Ice Magic      | 1 |  1.8
Air Magic      | 1 |  1.8
Earth Magic    | 1 |  1.8
Poison Magic   | 1 |  1.8
Dodging        | 5 |  5.1
Stealth        | |  4.7
Necromancy     | |  7.3

Action                   |  1- 3 |  4- 6 |  7- 9 || total
-------------------------+-------+-------+-------++-------
Melee: Whip              |       |    24 |       ||    24
       Bite              |       |     4 |       ||     4
       Mace              |       |     1 |       ||     1
 Cast: Pain              |    32 |   124 |    11 ||   167
       Animate Skeleton  |       |    23 |       ||    23
       Vampiric Draining |       |     3 |       ||     3
       Animate Dead      |       |     1 |       ||     1
  Use: Scroll            |       |     1 |       ||     1
Armor: Robe              |     2 |    12 |     4 ||    18
Dodge: Dodged            |     7 |    41 |     8 ||    56

Table legend: (Time is in decaauts)
 A = Elapsed time spent in this place.
 B = Non-inter-level travel time spent in this place.
 C = Inter-level travel time spent in this place.
 D = Time resting spent in this place.
 E = Time spent auto-exploring this place.
 F = Levels seen in this place.
 G = Mean time per level.
                   A        B        C        D        E       F      G
               +--------+--------+--------+--------+--------+-----+--------+
         Total |   5751 |   5539 |    212 |   3078 |   1395 |   5 | 1150.2 |
       Dungeon |   5751 |   5539 |    212 |   3078 |   1395 |   5 | 1150.2 |
               +--------+--------+--------+--------+--------+-----+--------+

Top non-repeatable levels by time:
     D:2: 2046 daAuts
     D:4: 1487 daAuts
     D:3: 1391 daAuts
     D:1: 806 daAuts
     D:5: 20 daAuts
